Unix NetHack Version 3.7.0-70 Work-in-progress - last build Jan 20 2023 02:37:49 (416de4da9be3a1557180d233d1398bca634ded6a,branch:master). Game began 2023-01-29 23:14:14, ended 2023-01-30 00:08:40. Kontroller, lawful male human Knight ------ |.....## --------------- |%..>| # |...(.........| |.....##################|.............| ----------- |....| # #..............| ##############..........| --.--- # #|.............| ## |.........| ### ## #-----------|--- ############` #########..........| ## ### ## ########!###### |.........| ### # # ## #############..........| # ## # # ### #------- ----------- # ### ###### # # ###..%.Y%| ## #---.------## ----- ## #|...uu| -----.-- #..........##### ## #....-#######|...Y<| |.......#####|........|# ###############|...|### ------- |......| |........| -.----#####-...|# |......| |......... |....| ### |...-# |.%<...| ---------- |....-## ##....| |......| |..{.| ----- -------- ------ Kontroller the Bachelor St:13 Dx:10 Co:13 In:8 Wi:14 Ch:16 Lawful S:6417 Dlvl:8 $:725 HP:0(69) Pw:67(67) AC:0 Xp:8/1328 T:6024 Satiated Burdened Ride Latest messages: The ape bites! The ape hits! The ape misses! The ape misses! The saddled horse misses the ape. The saddled horse misses the ape. What do you want to sacrifice? [IP or ?*] P Your sacrifice is consumed in a flash of light! You have a hopeful feeling. Your movements are only slowed slightly by your load. The saddled horse picks up an uncursed food ration. The saddled horse hits the ape. The saddled horse misses the ape. The ape misses the saddled horse. The ape misses the saddled horse. The ape misses the saddled horse. The ape misses! The ape misses! The ape bites! The ape hits! The ape misses! The ape misses! The saddled horse hits the ape. The saddled horse misses the ape. The ape misses the saddled horse. The ape hits the saddled horse. The ape bites the saddled horse. The ape hits! The ape hits! The ape bites! The ape hits the saddled pony. The ape misses the saddled pony. The ape misses the saddled pony. The saddled pony hits the ape. The saddled pony misses the ape. The saddled horse drops an uncursed food ration. Are you sure you want to pray? [yn] (n) y You begin praying to Lugh. The ape hits the saddled pony. The ape hits the saddled pony. The ape bites the saddled pony. The saddled pony misses the ape. The saddled pony bites the ape. The ape hits! The ape hits! The ape bites! The ape hits! You die... Do you want your possessions identified? [ynq] (y) y Do you want to see your attributes? [ynq] (y) q Inventory: Coins $ - 725 gold pieces Weapons q - 34 +0 darts N - the rustproof +1 Demonbane a - the blessed rustproof +1 Excalibur (alternate weapon; not wielded) b - a corroded +1 lance (weapon in hand) Armor d - an uncursed +0 helmet (being worn) f - an uncursed +0 pair of leather gloves (being worn) O - an uncursed +0 pair of speed boots (being worn) e - an uncursed +0 small shield (being worn) R - an uncursed +0 orcish cloak (being worn) c - an uncursed +0 banded mail (being worn) Comestibles g - 2 uncursed apples h - 3 uncursed carrots U - 12 cursed carrots I - an uncursed lizard corpse Scrolls l - 2 uncursed scrolls of confuse monster E - 3 uncursed scrolls of destroy armor B - 2 uncursed scrolls of identify p - 2 cursed scrolls of identify V - 2 uncursed scrolls of light w - an uncursed scroll of stinking cloud m - an uncursed scroll of teleportation Potions K - an uncursed potion of blindness Y - a cursed potion of booze T - a blessed potion of extra healing j - an uncursed potion of gain ability t - a cursed potion of gain ability Z - an uncursed potion of gain energy W - a cursed potion of hallucination k - an uncursed potion of healing x - an uncursed potion of paralysis n - 2 uncursed potions of speed Rings A - a cursed ring of polymorph F - a cursed ring of polymorph H - an uncursed ring of protection from shape changers M - an uncursed ring of shock resistance G - an uncursed ring of teleport control Wands X - a wand of cancellation (0:4) y - a wand of create monster (0:3) D - a wand of digging (0:7) u - a wand of lightning (0:0) Tools r - a cursed skeleton key Gems/Stones J - an uncursed amber stone o - an uncursed citrine stone C - a cursed worthless piece of black glass z - 2 uncursed worthless pieces of orange glass s - 2 cursed worthless pieces of orange glass S - an uncursed worthless piece of red glass L - 2 uncursed worthless pieces of violet glass Q - 2 cursed worthless pieces of violet glass i - 3 uncursed worthless pieces of white glass v - an uncursed worthless piece of yellowish brown glass Kontroller the Knight's attributes: Background: You were a Bachelor, a level 8 male human Knight. You were lawful, on a mission for Lugh who was opposed by Brigit (neutral) and Manannan Mac Lir (chaotic). You were in the Dungeons of Doom, on level 8. You entered the dungeon 6024 turns ago. It was the midnight hour. You had 1328 experience points, 1232 more were needed to attain level 9. Your score was 6417 before end-of-game adjustments. Basics: You had 0 out of 69 hit points. You had all 67 energy points (spell power). Your armor class was 0. Your wallet contained 725 zorkmids. Autopickup was off. Final Characteristics: Your strength was 13 (peak:16, limit:18/100). Your dexterity was 10 (limit:18). Your constitution was 13 (limit:18). Your intelligence was 8 (limit:18). Your wisdom was 14 (limit:18). Your charisma was 16 (limit:18). Final Status: You were riding your pony. You were satiated. You were burdened; movement was slightly slowed. You were wielding a lance. You were skilled in lance. Final Attributes: You were piously aligned. You were telepathic. You could jump. You were warded. You were very fast. You were lucky. You are dead. Miscellaneous: You encountered 1 bones level. Total elapsed playing time was 54 minutes and 25 seconds. Major events: Turn 1: Kontroller the lawful male human Knight entered the dungeon 1419: attained the rank of Esquire (level 3) 2792: entered the Gnomish Mines 3404: attained the rank of Bachelor (level 6) 4864: received Excalibur from a strange woman laying about in a pond 4869: destroyed Kontroller's ghost, the former Esquire 5646: entered Sokoban 5943: was bestowed with Demonbane by Lugh 6024: killed by an ape, while praying Vanquished creatures: a ghost a water demon an orc-captain an orc mummy 2 owlbears a yeti 2 lizards a jaguar 2 apes a bugbear a quasit an orc shaman a rock piercer 2 rock moles a pony a yellow light a shrieker 2 gnome leaders an elf zombie a ghoul 5 giant ants a floating eye 2 kittens a dwarf 2 homunculi 11 hill orcs a rabid rat a giant bat 2 dwarf zombies 2 wererats 2 werejackals 9 killer bees an acid blob 2 coyotes 3 manes a large kobold 3 hobgoblins 6 giant rats 5 cave spiders 3 brown molds 2 yellow molds a green mold 17 gnomes 3 gnome zombies 5 geckos 8 jackals 2 foxes a kobold 4 goblins 5 sewer rats 4 grid bugs a lichen a kobold zombie 11 newts 153 creatures vanquished. No species were genocided or became extinct. Voluntary challenges: You read items or engraved 8 times. You never engraved Elbereth. You never genocided any monsters. You never polymorphed an object. You never changed form. You used no wishes. You did not violate any of the special Sokoban rules. Achievements: You attained the rank of Esquire. You entered a shop. You entered the Gnomish Mines. You attained the rank of Bachelor. You entered Sokoban. The Dungeons of Doom: levels 1 to 8 Level 1: Level 2: Level 3: An armor shop, a grave. Level 4: A general store. Stairs down to The Gnomish Mines. Level 5: A sink. Level 6: Level 7: A fountain. Oracle of Delphi. Final resting place for Kontroller-Kni-Hum-Mal-Law, killed by a rock mole. Level 8: <- You were here. An altar to Lugh, a fountain. Stairs up to Sokoban, level 7. Final resting place for you, killed by an ape, while praying. The Gnomish Mines: levels 5 to 6 Level 5: Level 6: Sokoban: Level 7: Unsolved. Game over: ---------- / \ / REST \ / IN \ / PEACE \ / \ | Kontroller | | 725 Au | | killed by an ape | | | | | | | | 2023 | *| * * * | * _________)/\\_//(\/(/\)/\//\/|_)_______ Fare thee well Kontroller the Knight... You died in The Dungeons of Doom on dungeon level 8 with 6345 points, and 725 pieces of gold, after 6024 moves. You were level 8 with a maximum of 69 hit points when you died.